 Dungeon Crawl Stone Soup version 0.29-a0-565-g7a16c6de65 (webtiles) character file.

Game seed: 11564547034021439717

256 Bruhh the Ruffian (level 5, -12/53 HPs)
             Began as a Troll Gladiator on June 12, 2022.
             Killed from afar by Ijyb (34 damage)
             ... with a bolt of acid
             ... on level 3 of the Dungeon.
             The game lasted 00:02:20 (2382 turns).

Bruhh the Ruffian (Troll Gladiator)                 Turns: 2382, Time: 00:02:20

Health: -12/53     AC:  0    Str: 24    XL:     5   Next: 92%
Magic:  4/4        EV: 10    Int:  4    God:
Gold:   139        SH:  0    Dex: 11    Spells: 4/4 levels left

rFire   . . .      SeeInvis +     - Unarmed
rCold   . . .      Faith    .   (no shield)
rNeg    . . .      Spirit   .   a - +0 robe
rPois   .          Reflect  .   b - +0 hat
rElec   .          Harm     .   (no cloak)
rCorr   .          Rampage  .   (gloves unavailable)
Will    .....                   (boots unavailable)
Stlth   +.........              (no amulet)
HPRegen 0.97/turn               v - ring of see invisible
MPRegen 0.09/turn               (no ring)

@: corroded
A: large, unfitting armour, claws 3, regeneration 1, shaggy fur 1, tough skin 1
a: no special abilities


You were on level 3 of the Dungeon.
You visited 1 branch of the dungeon, and saw 3 of its levels.

You collected 139 gold pieces.

Inventory:

Missiles
 c - 3 throwing nets (quivered)
 d - 5 large rocks
Armour
 a - a +0 robe (worn)
 b - a +0 hat (worn)
Jewellery
 v - a ring of see invisible (left claw)
Scrolls
 e - a scroll of brand weapon {unknown}
 g - a scroll of noise {unknown}
 h - a scroll of magic mapping {unknown}
 i - 3 scrolls of vulnerability {unknown}
 l - 3 scrolls of fear {unknown}
 n - a scroll of immolation {unknown}
 p - a scroll of identify {unknown}
 r - a scroll of enchant weapon {unknown}
 s - a scroll of blinking {unknown}
 u - 2 scrolls of teleportation {unknown}
Potions
 f - a potion of flight {unknown}
 j - a potion of mutation {unknown}
 k - a potion of haste {unknown}
 m - 3 potions of brilliance {unknown}
 o - a potion of berserk rage {unknown}
 q - a potion of heal wounds {unknown}
 t - 2 potions of degeneration {unknown}


   Skills:
 - Level 3.5 Fighting
 - Level 1.7 Throwing
 - Level 2.4 Dodging
 + Level 5.4 Unarmed Combat


You had 4 spell levels left.
You didn't know any spells.
Your spell library contained the following spells:

 Spells                   Type           Power      Damage    Failure   Level
 Summon Small Mammal      Summ           0%         N/A       50%         1
 Call Canine Familiar     Summ           0%         N/A       86%         3
 Summon Guardian Golem    Hex/Summ       0%         N/A       86%         3


Dungeon Overview and Level Annotations

Branches:
Dungeon (3/15)

Altars:

Shops:
D:3 :

Annotations:
D:3 1 runed translucent door, Crazy Yiuf, Ijyb


Innate Abilities, Weirdness & Mutations

You are too large for most types of armour.
You have claws for hands.
Your natural rate of healing is unusually fast.
You are covered in fur. (AC +1)
You have tough skin. (AC +1)


Message History

A jackal is nearby!
A jackal is nearby!
Found a scroll labelled CIKUDU MOMU.
The jackal bites you. x2
You claw the jackal!
You kill the jackal!
No target in view!
No target in view!
A hobgoblin comes into view.
A hobgoblin is nearby!
A hobgoblin is nearby!
The hobgoblin shouts!
There is an entrance to Weqok's Book Emporium here.
You barely miss the hobgoblin. The hobgoblin closely misses you.
You claw the hobgoblin!
You kill the hobgoblin!
No target in view!
Ijyb the Twisted Goblin comes into view.
She is wielding a +0 club and carrying a wand of acid (6).
Ijyb shouts!
Ijyb is nearby!
Okay, then.
Ijyb hits you but does no damage.
You scratch Ijyb.
Ijyb is lightly wounded.
You claw Ijyb!
Ijyb is heavily wounded.
Ijyb misses you.
You completely miss Ijyb.
Ijyb is heavily wounded.
Ijyb zaps a wand.
The bolt of acid hits you!!
Ouch! That really hurt!
The acid corrodes you!
You are too injured to fight recklessly!
You are too injured to fight recklessly!
You are too injured to fight recklessly!
You scratch Ijyb.
Ijyb is severely wounded.
Ijyb zaps a wand.
The bolt of acid hits you!!
Ouch! That really hurt!
You die...

#.....#.#.# #..........##...
#.....#.#†# #####.#.#####.##
#.....#.#.#######.#.......##
####+#..#.....?##....#######
##+#'##....# ####.# #
#..........# # #.# #
#......#..##.### #.#
#......∩.......###.####
#......##@###.........#
#.)....##g# #......##.#
#......##.. #......##.####
##+######...#......##.#.#.
#...##+######.#.#. #...#
#...#. #.... ###'#) ######
#..... #.....


You could see Ijyb.

Vanquished Creatures
  A black bear (D:3)
  An orc wizard (D:3)
  4 gnolls (D:2)
  An adder (D:3)
  A worm (D:2)
  3 dart slugs
  6 orcs (D:3)
  5 ball pythons
  5 bats
  2 endoplasms (D:2)
  A giant cockroach (D:2)
  4 goblins
  9 hobgoblins
  5 jackals
  6 quokkas
  7 kobolds
  6 rats
67 creatures vanquished.

Vanquished Creatures (others)
  4 toadstools (D:1)
4 creatures vanquished.

Grand Total: 71 creatures vanquished

Notes
Turn   | Place    | Note
-------+----------+-------------------------------------------
     0 | D:1      | Bruhh the Troll Gladiator began the quest for the Orb.
     0 | D:1      | Reached XP level 1. HP: 19/19 MP: 0/0
   152 | D:1      | Reached XP level 2. HP: 25/28 MP: 1/1
   730 | D:2      | Reached XP level 3. HP: 36/36 MP: 2/2
  1144 | D:2      | Reached skill level 4 in Unarmed Combat
  1146 | D:2      | Reached XP level 4. HP: 12/44 MP: 3/3
  1815 | D:3      | Noticed a black bear
  1829 | D:3      | Killed a black bear
  1830 | D:3      | Reached XP level 5. HP: 26/53 MP: 4/4
  1884 | D:3      | Reached skill level 5 in Unarmed Combat
  2021 | D:3      | Found a runed translucent door.
  2022 | D:3      | Noticed Crazy Yiuf
  2364 | D:3      | Found Weqok's Book Emporium.
  2376 | D:3      | Noticed Ijyb
  2382 | D:3      | Killed from afar by Ijyb

Illustrated notes

Levels and vault maps discovered:
D:1:      ldierk_walled_garden_2, layout_basic
D:2:      layout_loops_corners, grunt_ministairs_11
D:3:      minmay_spotlight, layout_basic, serial_shops, shop,
          uniq_crazy_yiuf_cottage, uniq_ijyb

Skill      XL: |  1  2  3  4  5 |
---------------+----------------+-----
Fighting       | 2 3 |  3.5
Unarmed Combat | 4 5 |  5.4
Throwing       | |  1.7
Dodging        | |  2.4

Action                   |  1- 3 |  4- 6 || total
-------------------------+-------+-------++-------
Melee: Unarmed           |    71 |    91 ||   162
       Punch             |       |     1 ||     1
  Use: Potion            |     2 |       ||     2
Armor: Robe              |    22 |    35 ||    57
Dodge: Dodged            |    31 |    39 ||    70

Table legend: (Time is in decaauts)
 A = Elapsed time spent in this place.
 B = Non-inter-level travel time spent in this place.
 C = Inter-level travel time spent in this place.
 D = Time resting spent in this place.
 E = Time spent auto-exploring this place.
 F = Levels seen in this place.
 G = Mean time per level.
                   A        B        C        D        E       F      G
               +--------+--------+--------+--------+--------+-----+--------+
         Total |   2368 |   2238 |    130 |      0 |   1857 |   3 |  789.3 |
       Dungeon |   2368 |   2238 |    130 |      0 |   1857 |   3 |  789.3 |
               +--------+--------+--------+--------+--------+-----+--------+

Top non-repeatable levels by time:
     D:2: 1075 daAuts
     D:1: 725 daAuts
     D:3: 568 daAuts
